 Dungeon Crawl Stone Soup version 0.30-b1-2-g02819fbbbe (webtiles) character file.

Game seed: 2895125086881201099

4 Flugkiller the Conjurer (level 1, 0/17 (20) HPs)
             Began as a Naga Reaver on May 17, 2023.
             Slain by a hobgoblin (2 damage)
             ... on level 1 of the Dungeon.
             The game lasted 00:00:19 (97 turns).

Flugkiller the Conjurer (Naga Reaver)                 Turns: 97, Time: 00:00:19

HP:   0/17 (20)     AC:  1    Str: 14    XL:     1   Next: 60%
MP:   2/3           EV:  9    Int: 13    God:
Gold: 19            SH:  0    Dex:  9    Spells: 3/4 levels left

rFire   . . .        a - +0 spear
rCold   . . .        (no shield)
rNeg    . . .        b - +0 leather armour
rPois   +            (no helmet)
rElec   .            (no cloak)
rCorr   .            (no gloves)
SInv    +            (no barding)
Will    .....        (no amulet)
Stlth   +            (no ring)
HPRegen 0.22/turn    (no ring)
MPRegen 0.08/turn

%: no passive effects
@: heavily drained, very slow
A: AC +0, large, see invisible, deformed body, poison resistance, slowness 2,
spit poison 1, naga tail 1
a: Spit Poison


You were on level 1 of the Dungeon.
You visited 1 branch of the dungeon, and saw 1 of its levels.

You collected 19 gold pieces.

Inventory:

Hand Weapons
 a - a +0 spear (weapon)
Armour
 b - a +0 leather armour (worn)
Potions
 c - a potion of degeneration {unknown}


   Skills:
 + Level 2.4 Fighting
 - Level 3.0 Polearms
 - Level 1.5 Dodging
 - Level 2.0 Spellcasting
 - Level 3.0 Conjurations


You had 3 spell levels left.
You knew the following spells:

 Your Spells              Type           Power      Damage    Failure   Level
a - Kiss of Death         Conj/Necr      20%        2d7       17%         1

Your spell library contained the following spells:

 Spells                   Type           Power      Damage    Failure   Level
 Momentum Strike          Conj/Tloc      10%        3d8       26%         2
 Hailstorm                Conj/Ice       5%         3d4       45%         3


Dungeon Overview and Level Annotations

Branches:
Dungeon (1/15) Zot: 5878

Altars:


Innate Abilities, Weirdness & Mutations

Your serpentine skin is tough. (AC +0)
You have supernaturally acute eyesight. (SInv)
Armour fits poorly on your strangely shaped body.
Your system is resistant to poisons. (rPois)
You cover ground very slowly.
You can spit poison.
You have a snake-like lower body.


Message History

Welcome, Flugkiller the Naga Reaver.
The heart of this dungeon contains the legendary artefact, the Orb of Zot.
Press ? for a list of commands and other information.
Found 16 gold pieces.
Found a staircase leading out of the dungeon.
Unknown command.
You now have 9 gold pieces.
You now have 16 gold pieces (gained 7).
As you open the gate, it creaks loudly!
Found 3 gold pieces.
There is an open gate here.
You now have 19 gold pieces (gained 3).
Found a leather armour.
A ball python and a rat come into view.
The ball python hisses angrily.
You hear a shout!
A hobgoblin comes into view.
You hit the ball python.
The ball python is moderately wounded.
The ball python bites you.
You closely miss the ball python.
The ball python is moderately wounded.
The ball python bites you but does no damage.
You hit the ball python.
You kill the ball python!
You hit the rat.
You kill the rat!
You reach to attack!
You hit the hobgoblin but do no damage.
A ball python comes into view.
You completely miss the hobgoblin.
The ball python hisses angrily.
The hobgoblin hits you.
You barely miss the hobgoblin. The hobgoblin barely misses you.
You barely miss the hobgoblin. The hobgoblin hits you.
You hit the hobgoblin.
The hobgoblin is severely wounded.
You closely miss the hobgoblin.
The hobgoblin is severely wounded.
The hobgoblin barely misses you.
You hit the hobgoblin.
You kill the hobgoblin!
You completely miss the ball python. The ball python bites you.
The ball python barely misses you.
You hit the ball python.
You kill the ball python!
Things that are here:
a rat corpse; a ball python corpse No target in view!
You start resting.
HP restored.
c - a lumpy ruby potion A hobgoblin comes into view.
The hobgoblin shouts!
A hobgoblin is nearby!
A hobgoblin comes into view.
The hobgoblin shouts!
The hobgoblin barely misses you.
You hit the hobgoblin but do no damage. The hobgoblin misses you.
You hit the hobgoblin.
The hobgoblin is moderately wounded.
The hobgoblin hits you but does no damage.
You barely miss the hobgoblin.
The hobgoblin is moderately wounded.
The hobgoblin hits you. The hobgoblin barely misses you.
The hobgoblin attacks as you move away! The hobgoblin hits you.
The hobgoblin attacks as you move away! The hobgoblin hits you.
The hobgoblin hits you. x2
The hobgoblin attacks as you move away! The hobgoblin hits you.
* * * LOW HITPOINT WARNING * * *
The hobgoblin hits you.
* * * LOW HITPOINT WARNING * * *
The hobgoblin barely misses you.
Unknown command.
Casting: Kiss of Death (safe; 17% risk of failure)
Confirm with . or Enter, or press ? or * to list all spells.
Aiming: Kiss of Death (safe; 17% risk of failure)
Press: ? - help, Shift-Dir - straight line, f - hobgoblin
Aim: a hobgoblin (100% to hit)
The negative energy hits the hobgoblin!
The hobgoblin is drained!
You kill the hobgoblin!
You feel drained. The hobgoblin hits you.
You die...

##.. ...# #.
#..###...# .. ##.
#.......#
..##..####.......#
................#
#........#.....#
.##..............+
........g###.....#
.......@......####
....##........#
... #........#
#...[##### #....#
#.#### #†# ####.#
..##.#


You could see a hobgoblin.

Vanquished Creatures
  2 hobgoblins (D:1)
  2 ball pythons (D:1)
  A rat (D:1)
5 creatures vanquished.

Notes
Turn   | Place    | Note
-------+----------+-------------------------------------------
     0 | D:1      | Flugkiller the Naga Reaver began the quest for the Orb.
     0 | D:1      | Reached XP level 1. HP: 19/19 MP: 3/3
    97 | D:1      | Slain by a hobgoblin

Illustrated notes

Levels and vault maps discovered:
D:1:      kennysheep_arrival_forest, layout_basic, minmay_misc_feat_tiny,
          minmay_fountain_box, hangedman_abyss_or_decor_lesser_grid

Action                     || total
---------------------------++-------
  Melee: Spear             ||    16
   Cast: Kiss of Death     ||     1
 Armour: Leather armour    ||     2
  Dodge: Dodged            ||     7
